[Event "LTU ch Final 2020"]
[Site "Vilnius"]
[Date "2020.11.24"]
[Round "6.4"]
[White "Rozentalis, Eduardas"]
[Black "Kazakouski, Valery"]
[Result "1/2-1/2"]
[ECO "C48"]
[WhiteElo "2538"]
[BlackElo "2473"]
[PlyCount "31"]
[EventDate "2020.??.??"]
[TimeControl "6000+905"]
[WhiteClock "0:57:30"]
[BlackClock "0:49:03"]

1. e4 e5 2. Nf3 Nc6 3. Nc3 Nf6 4. Bb5 Bd6 5. a3 Nd4 6. Bc4 c6 7. d3 Bc7 8. Be3
Nxf3+ 9. Qxf3 d6 10. h3 h6 11. O-O O-O 12. Ba2 Be6 13. Ne2 d5 14. Ng3 Bb6 15.
Qe2 Re8 16. Kh1 1/2-1/2